Cogmind - Beta 14 @@@ ROGUE MODE // 2024.09.06 @ 05:21:28 Player: Helstads_dog Result: Self-destructed Performance ------------- Evolutions (1) 500 Regions Visited (2) 400 Robots Destroyed (26) 130 Value Destroyed (637) 637 Prototype IDs (3) 60 Alien Tech Used (0) 0 Bonus (0) 0 TOTAL SCORE: 1727 Bonus ------- None Cogmind --------- Core Integrity 250/400 Matter 134/300 Energy 166/250 System Corruption 0% Temperature Critical (558) Movement Core (700) Ox13 Location -9/Materials Parts ------- > --- POWER (1) -------- Ion Engine > --- PROPULSION (2) --- Light Treads Wheel > --- UTILITY (4) ------ Large Storage Unit Light Armor Plating Light Armor Plating Light Armor Plating > --- WEAPON (2) ------- Beam Rifle Beam Cannon > --- INVENTORY (15) --- Ion Engine Ion Engine Ion Engine Light Ion Engine Light Treads Aluminum Leg Signal Interpreter Beam Rifle Beam Rifle Beam Cannon Beam Cannon Assault Rifle Grenade Launcher Mining Laser Peak State ------------ > --- POWER ------------ Ion Engine > --- PROPULSION ------- Light Treads Wheel > --- UTILITY ---------- Large Storage Unit Light Armor Plating Light Armor Plating Light Armor Plating > --- WEAPON ----------- Beam Rifle Beam Cannon > --- INVENTORY -------- Ion Engine Ion Engine Ion Engine Light Ion Engine Light Treads Aluminum Leg Wheel Signal Interpreter Beam Rifle Beam Rifle Beam Cannon Beam Cannon Assault Rifle Grenade Launcher Mining Laser [Rating: 11] Favorites ----------- Power Ion Engine Engine Ion Engine Propulsion Light Treads Treads Light Treads Leg Aluminum Leg Wheel Compact Wheel Utility Large Storage Unit Storage Large Storage Unit Processor Signal Interpreter Protection Light Armor Plating Weapon Light Assault Rifle Energy Gun EM Pulse Gun Energy Cannon Beam Cannon Ballistic Gun Light Assault Rifle Launcher Grenade Launcher Build | -11 -10 -9 ------- Run | Yrd Mat Mat Slots Evolved 2 | . . 2 Power . | . . . Propulsion . | . . . Utility 2 | . . 2 Weapon . | . . . Parts Attached 24 | 2 17 5 Power 2 | . 2 . Engine 2 | . 2 . Core . | . . . Reactor . | . . . Propulsion 6 | 2 2 2 Treads 3 | 2 . 1 Leg . | . . . Wheel 3 | . 2 1 Hover . | . . . Flight . | . . . Utility 9 | . 7 2 Device . | . . . Storage 2 | . 2 . Processor 1 | . 1 . Hackware . | . . . Protection 6 | . 4 2 Artifact . | . . . Weapon 7 | . 6 1 Energy Gun 1 | . . 1 Energy Cannon 2 | . 2 . Ballistic Gun 3 | . 3 . Ballistic Cannon . | . . . Launcher 1 | . 1 . Special Weapon . | . . . Impact Weapon . | . . . Slashing Weapon . | . . . Piercing Weapon . | . . . Special Melee Weapon . | . . . Unidentified Prototypes . | . . . Parts Lost 2 | . 2 . Power . | . . . Propulsion . | . . . Utility . | . . . Weapon 2 | . 2 . Highest Loss Streak 1 | . 1 . To Critical Strikes . | . . . Average Slot Usage (%) 97 | . 96 98 Engine 13 | . 14 11 Treads 20 | . 22 10 Wheel 6 | . 5 11 Storage 13 | . 14 11 Processor 2 | . 2 . Protection 11 | . 8 33 Energy Gun 2 | . 1 8 Energy Cannon 6 | . 5 14 Ballistic Gun 17 | . 20 . Peak Build Rating 11 | 6 8 11 Average Rating 7 | 5 7 10 On Entrance 6 | 6 6 8 Naked Turns . | . . . Heaviest Build 40 | 14 34 40 Greatest Support 40 | 40 40 10 Greatest Overweight (x) 3 | . 3 3 Average Overweight (x) . | . . 3 Largest Inventory Capacity 15 | 8 15 15 Average Capacity 14 | 8 14 15 Most Carried 15 | 6 15 15 Average Carried 11 | 4 10 14 Final Capacity 15 | 8 15 15 Final Carried 15 | 4 15 14 Class Distribution -------------------- 100% | Mutant Dominant Class ---------------- Mutant | -10/Materials Mutant | -9/Materials Resources | -11 -10 -9 ----------- Run | Yrd Mat Mat Matter Collected 626 | 219 373 34 Remotely . | . . . Salvage Created 718 | . 611 107 Parts 51 | . 46 5 Haulers Intercepted . | . . . Recyclers Shooed 1 | . . 1 Parts Field Recycled . | . . . Retrieved Matter . | . . . Parts Self-Destructed . | . . . Prevented . | . . . Kills | -11 -10 -9 ------- Run | Yrd Mat Mat Combat Hostiles Destroyed 23 | . 20 3 Guns 16 | . 16 . Cannons 3 | . . 3 AOE 4 | . 4 . Classes Destroyed 4 | . 4 . Recycler 1 | . 1 . Watcher 2 | . 2 . Swarmer 9 | . 9 . Grunt 14 | . 11 3 Best Kill Streak 3 | . 3 3 Combat Bots Only 3 | . 3 3 Max Kills in Single Turn 1 | . 1 1 Gunslinging . | . . . Exploded 1 | . 1 . Melee . | . . . Uniques/NPCs Destroyed . | . . . Combat | -11 -10 -9 -------- Run | Yrd Mat Mat Hostile Shots Fired 101 | . 87 14 Missed 24 | . 20 4 Damage Taken 973 | . 747 226 Core 235 | . 85 150 Absorbed by Shields . | . . . Regen/Repaired (Parts) 270 | . . 270 Core Remaining (%) 83 | 100 66 . Volleys Fired 89 | . 73 16 Largest 2 | . 2 2 Hottest 116 | . 60 116 Shots Fired 174 | . 145 29 Gun 156 | . 140 16 Cannon 13 | . . 13 Launcher 5 | . 5 . Special . | . . . Kinetic 137 | . 137 . Thermal 29 | . . 29 Explosive 5 | . 5 . Electromagnetic 3 | . 3 . Robot Hit Streak 9 | . 8 9 Robot Miss Streak 9 | . 9 4 Penetration Max . | . . . Secondary Targets 3 | . 3 . Max Gunslinging Chain 1 | . 1 . Shots Hit Robots 95 | . 78 17 Core Hits 41 | . 37 4 Critical Kills 1 | . 1 . Critical Parts Destroyed 2 | . 2 . Critical Strikes 5 | . 3 2 Burn 2 | . . 2 Destroy 3 | . 3 . Melee Attacks . | . . . Impact . | . . . Slashing . | . . . Piercing . | . . . Sneak Attacks . | . . . Combat Hostiles . | . . . Follow-up Attacks . | . . . Damage Inflicted 1451 | . 1186 265 Guns 897 | . 755 142 Cannons 123 | . . 123 Explosions 420 | . 420 . Melee . | . . . Ramming 11 | . 11 . Kinetic 743 | . 743 . Thermal 388 | . 123 265 Explosive 297 | . 297 . Electromagnetic 12 | . 12 . Impact . | . . . Slashing . | . . . Piercing . | . . . Highest Corruption 4 | . 4 . Average Corruption 3 | . 3 . Corruption Purged . | . . . Corruption Blocked . | . . . Effects 16 | . 16 . Message Errors 2 | . 2 . Matter Fused 5 | . 5 . Heat Flow Errors 1 | . 1 . Energy Discharges 6 | . 6 . Data Loss (minor) 1 | . 1 . Data Loss (major) 1 | . 1 . Overload Shots . | . . . Overflow Damage 55 | . 54 1 Projectiles 1 | . . 1 Explosions 54 | . 54 . Melee . | . . . Knockbacks . | . . . Impact . | . . . Kinetic . | . . . Secondary . | . . . Self-Inflicted Damage 104 | . 104 . Shots 4 | . 4 . Rammed 2 | . 2 . Targets Rammed 3 | . 3 . Kicked . | . . . Crushed 1 | . 1 . Highest Temperature 558 | . 180 558 Average Temperature 110 | . 14 288 Received Heat Transfer 240 | . 180 60 Effects 18 | . . 18 Shutdowns 3 | . . 3 Energy Bleed 2 | . . 2 Interference 2 | . . 2 Matter Decay 1 | . . 1 Short Circuit 2 | . . 2 Damage (minor) 1 | . . 1 Damage (major) 5 | . . 5 Damage (core) 2 | . . 2 Siege Activations . | . . . Robots Corrupted . | . . . Combat Hostiles . | . . . Parts Fried . | . . . Impact Corruptions . | . . . Robots Melted . | . . . Combat Hostiles . | . . . Parts Melted 3 | . . 3 Heat Transferred 877 | . 100 777 Parts Sabotaged . | . . . Parts Stolen . | . . . Parts Stripped . | . . . Power Chain Reactions 1 | . 1 . Alert | -11 -10 -9 ------- Run | Yrd Mat Mat Peak Influence 322 | . 322 88 Initial . | . . . Average 138 | . 157 11 Maximum Alert Level 1 | . 1 . Low Security (%) 69 | 100 64 100 Level 1 30 | . 35 . Level 2 . | . . . Level 3 . | . . . Level 4 . | . . . Level 5 . | . . . High Security . | . . . Max Security . | . . . Squads Dispatched 5 | . 4 1 Investigation 2 | . 2 . Extermination . | . . . Reinforcement 3 | . 2 1 Assault . | . . . Garrison . | . . . Intercept . | . . . Searches Triggered . | . . . Construction Impeded . | . . . Haulers Reinforced . | . . . Active Scanning Responses . | . . . Cargo Convoy Interrupts . | . . . Stealth | -11 -10 -9 --------- Run | Yrd Mat Mat Distress Signals 1 | . . 1 Communications Jammed . | . . . Distress Signals . | . . . Times Spotted 42 | . 33 9 Peak Tracking Total 5 | . 4 5 Tactical Retreats . | . . . Traps | -11 -10 -9 ------- Run | Yrd Mat Mat Traps Triggered 4 | . 4 . Indirectly . | . . . Trap Hack Attempts . | . . . Triggered . | . . . Disarmed . | . . . Reprogrammed . | . . . Reused . | . . . Traps Extracted . | . . . Installed . | . . . Triggered . | . . . Machines | -11 -10 -9 ---------- Run | Yrd Mat Mat Machines Disabled 2 | . 2 . Max in Single Turn 1 | . 1 . Machines Repaired . | . . . Machines Dismantled . | . . . Machines Sabotaged . | . . . Overloaded Fab Kills . | . . . Hacking | -11 -10 -9 --------- Run | Yrd Mat Mat Machines Accessed 9 | . 7 2 Terminals 7 | . 6 1 Fabricators . | . . . Repair Stations 1 | . . 1 Recycling Units 1 | . 1 . Scanalyzers . | . . . Garrison Access . | . . . Total Hacks 26 | . 20 6 Successful 13 | . 9 4 Failed 12 | . 10 2 Catastrophic 1 | . 1 . Database Lockouts 1 | . 1 . Manual 19 | . 17 2 Terminals 21 | . 19 2 Fabricators . | . . . Repair Stations 4 | . . 4 Recycling Units 1 | . 1 . Scanalyzers . | . . . Garrison Access . | . . . Terminal Hacks 6 | . 6 . Record 1 | . 1 . Robot Analysis 1 | . 1 . Prototype ID Bank 2 | . 2 . Unreport Threat 2 | . 2 . Fabricator Hacks . | . . . Repair Station Hacks 4 | . . 4 Scan Component 2 | . . 2 Repair 2 | . . 2 Recycling Unit Hacks 1 | . 1 . Report Inventory 1 | . 1 . Scanalyzer . | . . . Garrison Access Hacks . | . . . Unauthorized Hacks 2 | . 2 . Terminals 2 | . 2 . Botnet 2 | . 2 . Fabricators . | . . . Repair Stations . | . . . Recycling Units . | . . . Scanalyzers . | . . . Garrison Access . | . . . Data Cores Recovered . | . . . Used . | . . . Hacking Detections 7 | . 5 2 Full Trace Events . | . . . Feedback Events . | . . . Feedback Blocked . | . . . Robot Schematics Acquired . | . . . Robots Built . | . . . Authchips . | . . . Time . | . . . Total Robot Build Rating . | . . . Part Schematics Acquired . | . . . Parts Built . | . . . Authchips . | . . . Time . | . . . Total Part Build Rating . | . . . Parts Repaired 2 | . . 2 Time 52 | . . 52 Parts Recycled . | . . . Recycled Matter . | . . . Retrieved Matter . | . . . Retrieved Components . | . . . Parts Scanalyzed . | . . . Part Schematics Acquired . | . . . Parts Damaged . | . . . Bothacking | -11 -10 -9 ------------ Run | Yrd Mat Mat Used RIF Installer . | . . . Robots Hacked . | . . . Non-combat . | . . . Combat . | . . . Robot Hacks Applied . | . . . Relay Couplers Released . | . . . Fabnet Peak Effective % . | . . . Robots Rewired . | . . . Allies Hacked . | . . . Hacks Repelled . | . . . Allies | -11 -10 -9 -------- Run | Yrd Mat Mat Total Allies . | . . . Largest Group . | . . . Highest-Rated Group . | . . . Highest-Rated Ally . | . . . Total Orders . | . . . Ally Attacks . | . . . Total Damage . | . . . Kills . | . . . Allies Corrupted . | . . . Allies Melted . | . . . Intel | -11 -10 -9 ------- Run | Yrd Mat Mat Robot Analysis Total 1 | . 1 . Derelict Logs Recovered . | . . . Drone Launches . | . . . Drone Recoveries . | . . . Exploration | -11 -10 -9 ------------- Run | Yrd Mat Mat Turns Passed 1659 | 5 1441 213 Spaces Moved 709 | 2 646 61 Core . | . . . Treads 546 | 2 544 . Legs . | . . . Wheels 163 | . 102 61 Hover . | . . . Flight . | . . . Fastest Speed 125 | 160 125 125 Average Speed 172 | 160 176 125 Slowest Speed 240 | 160 240 125 Overloaded Moves . | . . . Propulsion Burnouts . | . . . Robots Hopped . | . . . Cave-ins Triggered . | . . . Exploration Rate (%) 35 | 2 97 6 Regions Visited 2 Branch Regions . Pre-discovered Areas . | . . . Known Exits Taken 1 | . 1 . Unknown Exits Taken 1 | 1 . . Scrap Searched . | . . . Spaces Dug . | . . . Terrain Destroyed 82 | . 82 . Melee . | . . . Projectile . | . . . AOE 82 | . 82 . Terrain Rammed . | . . . Walls Destroyed . | . . . Machines Disabled . | . . . Actions | -11 -10 -9 --------- Run | Yrd Mat Mat Total 984 | 5 810 169 Wait 133 | . 54 79 Move 707 | 1 645 61 Hop . | . . . Pick Up 18 | . 13 5 Fast Attach 3 | . 2 1 Attach 9 | 2 4 3 Detach 1 | . 1 . Swap 12 | . 11 1 Drop 9 | 2 4 3 Fire 89 | . 73 16 Melee . | . . . Ram . | . . . Kick . | . . . Crush 3 | . 3 . Escape Stasis . | . . . Rewire . | . . . Trap . | . . . Miscellaneous . | . . . Route ------- -11/Scrapyard -10/Materials (discovered 4 exits: *Mat x3 / *Min) -9/Materials History --------- Turn | Location | Event 4 | -11/Scrapyard | Discovered new exit (range 1) 6 | -11/Scrapyard | Entered Materials 273 | -10/Materials | Discovered new exit (range 4) 329 | -10/Materials | Build established: Mutant 578 | -10/Materials | Discovered new exit (range 12) 620 | -10/Materials | Central database locked down 799 | -10/Materials | Discovered new exit (range 15) 824 | -10/Materials | Identified exit to Materials 1073 | -10/Materials | Identified exit to Mines 1192 | -10/Materials | Discovered exit to Materials (range 10) 1447 | -10/Materials | Entered another Materials area 1447 | -9/Materials | Evolved 2 slots: Utility x2 1537 | -9/Materials | Repaired Lgt. Treads 1564 | -9/Materials | Repaired Lgt. Treads 1660 | -9/Materials | Self-destructed Last Messages --------------- 01637_ Overheating: Beam Rifle damaged (-44). 01637_ Overheating: Lgt. Armor Plating damaged (-25). 01637_ Overheating: Lgt. Armor Plating damaged (-48). 01637_ R-06 Scavenger collects Broken Wheel. 01639_ Overheating: Matter decay (-21). 01642_ M-13 Machinist suffers critical hit (Burn). 01644_ Overheating: Lgt. Treads damaged (-18). 01644_ Overheating: Lrg. Storage Unit damaged (-108). 01646_ Power failure, Ion Engine shutdown. 01646_ K-01 Serf collects debris. 01647_ G-34 Mercenary destroyed. 01648_ Overheating: System interference. 01648_ Beam Cannon temporarily disabled. 01649_ K-01 Serf collects debris. 01650_ Overheating: Core damaged (-44). 01653_ Power failure, Ion Engine shutdown. 01658_ Overheating: Core damaged (-72). 01659_ Overheating: Energy bleed (-42). 01659_ K-01 Serf collects debris. 01660_ Overheating: Energy bleed (-33). Map ----- +----------------------------------------------------+ | | | | | | | | | | | | | | | | | | | | | | | | | | | ??????????????????###############????????????????? | | ??????????????????# ! #????????????????? | | ??????????????????# #????????????????? | | ??????????????????# """ """ ########?????????? | | ????????????#####?# """"""""" + ??? | | ????????????# #?# """"" " ########?????????? | | ????????????# ! #?# u #????????????????? | | ????????????# #?#######/#######????????????????? | | ??# #### ####### g #????????????????????? | | ? T k ! #????????????????????? | | [gT #????????????????????? | | #????????????????????? | | """ ######+######## @[ #????????????????????? | | ??""" ?????????????#####/#####??????????????????? | | ???"" ??????????????# [% #??????????????????? | | ???"????????????????# """#??????????????????? | | ????????????????????# [[ R"#??????????????????? | | ????????????????????# [ """#??????????????????? | | ????????????????????# [[ #??????????????????? | | ????????????????????# #??????????????????? | | ????????????????????# #??????????????????? | | ????????????????????# #??????????????????? | | ????????????????????###########??????????????????? | | ?????????????????????????????????????????????????? | | ?????????????????????????????????????????????????? | | ?????????????????????????????????????????????????? | | ?????????????????????????????????????????????????? | | ?????????????????????????????????????????????????? | | ?????????????????????????????????????????????????? | | ?????????????????????????????????????????????????? | | ?????????????????????????????????????????????????? | | ?????????????????????????????????????????????????? | | ?????????????????????????????????????????????????? | | ?????????????????????????????????????????????????? | | ?????????????????????????????????????????????????? | | ?????????????????????????????????????????????????? | | ?????????????????????????????????????????????????? | +----------------------------------------------------+ Best States ------------- Heat Dissipation 28 Energy Generation 10 Energy Capacity 250 Matter Stores 300 Matter Capacity 300 Sight Range 16 Terrain Scan Density 10 Armor Coverage 450 Core Shielding 20 Evasion (%) 40 Recoil Reduction 2 Item Schematics ----------------- None Robot Schematics ------------------ None Fabricated ------------ Nothing Alien Tech Used ----------------- None Achievements -------------- None Challenges ------------ None Game ------ Seed ArmageddonImprovedCleaver Manual? 0 Play Time 00:20:26 Cumulative 56.3 hours Start 2024.09.06 @ 04:59:13 End 2024.09.06 @ 05:21:28 Sessions 1 Manual Loads 0 Difficulty Rogue Special Mode None Game No. 33 Rogue 33 Adventurer 0 Explorer 0 Win Type - Total 0 Types 0/0/0/0/0/0/0/0/0 Lore% 22 Gallery% 25 Achievement% 32 Wizard Run 0 Options --------- Layout 0 ASCII 0 Keyboard 0 Movement Mouse Keybinds 0 Fullscreen 1 Font 16/SmallcapsGlow Map View 37x27 Zoom Use 89% Tactical HUD 1 Map Filters NONE Filters NONE Steam 1 RUN: 63a1ea76-215e-4298-9eb1-9137554e0d76